BSA
NIAGARA FALLS FRENZY @ NEW YORK KNIGHTS
04/17/2027
 
TOP OF THE 1ST
Niagara Falls Frenzy batting - Pitching for New York Knights : RHP José Navarro
Pitching: RHP José Navarro
Batting: SHB Martín De Jesús Error on foul ball, E3
0-1: Bunt for hit - play at first, batter OUT! 1-3
Batting: RHB Zander Tremblett 0-0: Called Strike
0-1: Ball
1-1: Ball
2-1: Ball
3-1: Base on Balls
Batting: LHB Clyde Yarbrough 0-0: Ball
1-0: Foul Ball, location: 2F
1-1: Ball
2-1: Swinging Strike
2-2: Ball
3-2: Foul Ball, location: 2F
3-2: SINGLE (Line Drive, 4MD)
Zander Tremblett to second
Batting: LHB Dante Owens 0-0: Ball
1-0: Ground out 4-3 (Groundball, 34D)
Zander Tremblett to third
Clyde Yarbrough to second
Batting: RHB Ángel Hinojosa 0-0: Called Strike
0-1: Ball
1-1: Foul Ball, location: 2F
1-2: Ball
2-2: Ball
3-2: Fly out, F9 (Flyball, 89S)
Top of the 1st over - 0 run(s), 1 hit(s), 1 error(s), 2 left on base; Niagara Falls 0 - New York 0
BOTTOM OF THE 1ST
New York Knights batting - Pitching for Niagara Falls Frenzy : RHP Tom Moore
Pitching: RHP Tom Moore
Batting: LHB Warren Potter 0-0: Fly out, F8 (Line Drive, 8RXD)
Batting: RHB Pepe Carrasco 0-0: Ground out 4-3 (Groundball, 4)
Batting: LHB Troy Donaldson 0-0: SINGLE (Groundball, 4D)
Batting: LHB Pablo Rivas 0-0: Ball
1-0: Called Strike
1-1: Called Strike
1-2: SINGLE (Line Drive, 7LS)
Troy Donaldson to second
Batting: SHB Marvin Harris 0-0: Called Strike
0-1: Ball
1-1: Foul Ball, location: 2F
1-2: Fly out, F7 (Flyball, 78M)
Bottom of the 1st over - 0 run(s), 2 hit(s), 0 error(s), 2 left on base; Niagara Falls 0 - New York 0
TOP OF THE 2ND
Niagara Falls Frenzy batting - Pitching for New York Knights : RHP José Navarro
Batting: LHB Leo Wyeth 0-0: Foul Ball, location: 2F
0-1: Ball
1-1: Ground out 6-3 (Groundball, 6M)
Batting: SHB Dave MacThomas 0-0: Foul Ball, location: 2F
0-1: Ball
1-1: Ball
2-1: Ball
3-1: Base on Balls
Batting: LHB Bill Hall 0-0: Called Strike
0-1: Ball
1-1: Ball
2-1: Foul Ball, location: 2F
2-2: Fly out, F9 (Flyball, 9)
Batting: RHB Jung-ha Kim 0-0: Fly out, F7 (Flyball, 7)
Top of the 2nd over - 0 run(s), 0 hit(s), 0 error(s), 1 left on base; Niagara Falls 0 - New York 0
BOTTOM OF THE 2ND
New York Knights batting - Pitching for Niagara Falls Frenzy : RHP Tom Moore
Batting: LHB Marcos Pérez 0-0: Ground out 4-3 (Groundball, 34D)
Batting: RHB Lonnie Anderson 0-0: Ball
1-0: SINGLE (Line Drive, 89S)
Batting: RHB Yasuhiko Sumita 0-0: SINGLE (Groundball, 6MD)
Lonnie Anderson to second
Batting: LHB Dan Hamilton 0-0: Ball
1-0: Ball
2-0: Called Strike
2-1: Ball
3-1: Foul Ball, location: 2F
3-2: Base on Balls
Lonnie Anderson to third
Yasuhiko Sumita to second
Batting: LHB Warren Potter 0-0: Ball
1-0: Ball
2-0: Ball
3-0: Called Strike
3-1: SINGLE (Groundball, 34D)
Lonnie Anderson scores
Yasuhiko Sumita to third
Dan Hamilton to second
Batting: RHB Pepe Carrasco 0-0: Ball
1-0: Grounds into double play, 6-4-3 (Groundball, 6)
Bottom of the 2nd over - 1 run(s), 3 hit(s), 0 error(s), 2 left on base; Niagara Falls 0 - New York 1
TOP OF THE 3RD
Niagara Falls Frenzy batting - Pitching for New York Knights : RHP José Navarro
Batting: SHB Martín De Jesús 0-0: Called Strike
0-1: Ball
1-1: Ball
2-1: Ball
3-1: Called Strike
3-2: SINGLE (Groundball, 6D)
Batting: RHB Zander Tremblett 0-0: Ball
1-0: Foul Ball, location: 2F
1-1: Foul Ball, location: 2F
1-2: Foul Ball, location: 2F
1-2: Fly out, F8 (Flyball, 89D)
Batting: LHB Clyde Yarbrough 0-0: Swinging Strike
0-1: DOUBLE (Groundball, 3L)
Martín De Jesús to third
Runner from 3rd tries for Home, throw and OUT!
Runner from 2nd tries for 3rd, throw and SAFE!
Batting: LHB Dante Owens 0-0: Called Strike
0-1: Foul Ball, location: 2F
0-2: SINGLE (Line Drive, 89S)
Clyde Yarbrough scores
Batting: RHB Ángel Hinojosa 0-0: Ball
1-0: Ball
2-0: DOUBLE (Line Drive, 8LXD)
Dante Owens to third
Runner from 3rd tries for Home, throw and OUT!
Top of the 3rd over - 1 run(s), 4 hit(s), 0 error(s), 1 left on base; Niagara Falls 1 - New York 1
BOTTOM OF THE 3RD
New York Knights batting - Pitching for Niagara Falls Frenzy : RHP Tom Moore
Batting: LHB Troy Donaldson 0-0: Called Strike
0-1: Swinging Strike
0-2: Ball
1-2: Ball
2-2: Foul Ball, location: 2F
2-2: Ball
3-2: Strikes out swinging
Batting: LHB Pablo Rivas 0-0: Swinging Strike
0-1: SINGLE (Flyball, 7LS)
Batting: SHB Marvin Harris 0-0: Called Strike
0-1: Foul Ball, location: 2F
0-2: Ball
1-2: Fly out, F8 (Flyball, 8LS)
Batting: LHB Marcos Pérez 0-0: SINGLE (Flyball, 9LS)
Pablo Rivas to second
Runner from 2nd tries for 3rd, SAFE, throw made to third
Batting: RHB Lonnie Anderson 0-0: Swinging Strike
0-1: Foul Ball, location: 2F
0-2: Ball
1-2: Ball
2-2: Ball
Marcos Pérez steals 2nd base
3-2: Base on Balls
Batting: RHB Yasuhiko Sumita 0-0: Ball
1-0: Swinging Strike
1-1: Ball
2-1: Ball
3-1: Base on Balls
Pablo Rivas scores
Marcos Pérez to third
Lonnie Anderson to second
Batting: LHB Dan Hamilton 0-0: Called Strike
0-1: Ball
1-1: Fly out, F4 (Popup, 4D)
Bottom of the 3rd over - 1 run(s), 2 hit(s), 0 error(s), 3 left on base; Niagara Falls 1 - New York 2
TOP OF THE 4TH
Niagara Falls Frenzy batting - Pitching for New York Knights : RHP José Navarro
Batting: LHB Leo Wyeth 0-0: Ball
1-0: Foul Ball, location: 2F
1-1: Ball
2-1: SINGLE (Groundball, 34D)
Batting: SHB Dave MacThomas 0-0: Called Strike
0-1: SINGLE (Groundball, 34D)
Leo Wyeth to second
Runner from 2nd tries for 3rd, SAFE, no throw
Batting: LHB Bill Hall 0-0: Foul Ball, location: 2F
0-1: Ball
1-1: Ball
2-1: Foul Ball, location: 2F
2-2: Fly out, F8 (Flyball, 8RM)
Runner from 3rd tags up, SCORES, throw made
Batting: RHB Jung-ha Kim 0-0: Called Strike
0-1: Grounds into double play, 1-6-3 (Groundball, P)
Top of the 4th over - 1 run(s), 2 hit(s), 0 error(s), 0 left on base; Niagara Falls 2 - New York 2
BOTTOM OF THE 4TH
New York Knights batting - Pitching for Niagara Falls Frenzy : RHP Tom Moore
Batting: LHB Warren Potter 0-0: Called Strike
0-1: Foul Ball, location: 2F
0-2: Ball
1-2: Ball
2-2: Foul Ball, location: 2F
2-2: DOUBLE (Line Drive, 7D)
Batting: RHB Pepe Carrasco 0-0: Ball
1-0: Foul Ball, location: 2F
1-1: Swinging Strike
1-2: Strikes out swinging
Batting: LHB Troy Donaldson 0-0: Foul Ball, location: 2F
0-1: Foul Ball, location: 2F
0-2: Foul Ball, location: 2F
0-2: SINGLE (Groundball, 6D)
Warren Potter to third
Runner from 3rd tries for Home, SAFE, no throw
Batting: LHB Pablo Rivas 0-0: Ball
1-0: Ball
2-0: Ball
3-0: Called Strike
3-1: SINGLE (Line Drive, 3)
Troy Donaldson to second
Batting: SHB Marvin Harris 0-0: Called Strike
0-1: Swinging Strike
0-2: Fly out, F9 (Flyball, 89M)
Batting: LHB Marcos Pérez 0-0: Ball
1-0: SINGLE (Groundball, 34D)
Troy Donaldson to third
Pablo Rivas to second
Runner from 3rd tries for Home, SAFE, no throw
Batting: RHB Lonnie Anderson 0-0: Swinging Strike
0-1: Swinging Strike
0-2: Ball
1-2: SINGLE (Groundball, 4MD)
Pablo Rivas to third
Marcos Pérez to second
Runner from 3rd tries for Home, SAFE, no throw
Batting: RHB Yasuhiko Sumita 0-0: Ball
1-0: Called Strike
1-1: Swinging Strike
1-2: Ground out 5-3 (Groundball, 56S)
Bottom of the 4th over - 3 run(s), 5 hit(s), 0 error(s), 2 left on base; Niagara Falls 2 - New York 5
TOP OF THE 5TH
Niagara Falls Frenzy batting - Pitching for New York Knights : RHP José Navarro
Batting: SHB Martín De Jesús 0-0: Ball
1-0: Ball
2-0: DOUBLE (Flyball, 89XD)
Batting: RHB Zander Tremblett 0-0: Called Strike
0-1: Fly out, F8 (Flyball, 89M)
Batting: LHB Clyde Yarbrough 0-0: Ball
Wild Pitch!
Martín De Jesús to third
1-0: Called Strike
1-1: Ball
2-1: Fly out, F9 (Flyball, 9LS)
Batting: LHB Dante Owens 0-0: Ball
1-0: Ball
2-0: Called Strike
2-1: Ball
3-1: DOUBLE (Flyball, 89D)
Martín De Jesús scores
Batting: RHB Ángel Hinojosa 0-0: Ball
1-0: Ground out 5-3 (Groundball, 56)
Top of the 5th over - 1 run(s), 2 hit(s), 0 error(s), 1 left on base; Niagara Falls 3 - New York 5
BOTTOM OF THE 5TH
New York Knights batting - Pitching for Niagara Falls Frenzy : RHP Tom Moore
Pitching: RHP Luis López
Batting: LHB Dan Hamilton 0-0: Called Strike
0-1: Ball
1-1: Foul Ball, location: 2F
1-2: Ground out 3-1 (Groundball, 34)
Batting: LHB Warren Potter 0-0: Called Strike
0-1: Ground out 6-3 (Groundball, 6)
Batting: RHB Pepe Carrasco 0-0: SINGLE (Groundball, 4MD)
Batting: LHB Troy Donaldson 0-0: Ball
1-0: Foul Ball, location: 2F
1-1: Ball
2-1: Called Strike
2-2: Ball
3-2: Ground out 4-3 (Groundball, 4)
Bottom of the 5th over - 0 run(s), 1 hit(s), 0 error(s), 1 left on base; Niagara Falls 3 - New York 5
TOP OF THE 6TH
Niagara Falls Frenzy batting - Pitching for New York Knights : RHP José Navarro
Batting: LHB Leo Wyeth 0-0: Called Strike
0-1: Ball
1-1: Foul Ball, location: 2F
1-2: Fly out, F9 (Flyball, 9LS)
Batting: SHB Dave MacThomas 0-0: Fly out, F7 (Flyball, 78S)
Batting: LHB Bill Hall 0-0: Ball
1-0: Called Strike
1-1: Ball
2-1: Ball
3-1: Foul Ball, location: 2F
3-2: Ground out 4-3 (Groundball, 34)
Top of the 6th over - 0 run(s), 0 hit(s), 0 error(s), 0 left on base; Niagara Falls 3 - New York 5
BOTTOM OF THE 6TH
New York Knights batting - Pitching for Niagara Falls Frenzy : RHP Luis López
Batting: LHB Pablo Rivas 0-0: Called Strike
0-1: Fly out, F8 (Flyball, 8LS)
Batting: SHB Marvin Harris 0-0: Foul Ball, location: 2F
0-1: Ground out 6-3 (Groundball, 56)
Batting: LHB Marcos Pérez 0-0: Called Strike
0-1: Fly out, F9 (Flyball, 9LS)
Bottom of the 6th over - 0 run(s), 0 hit(s), 0 error(s), 0 left on base; Niagara Falls 3 - New York 5
TOP OF THE 7TH
Niagara Falls Frenzy batting - Pitching for New York Knights : RHP José Navarro
Pitching: RHP James Jones
Batting: RHB Jung-ha Kim 0-0: Reached on error, E6 (Popup, 5D)
Batting: SHB Martín De Jesús 0-0: Ball
1-0: Sac Bunt - play at first, batter OUT! 1-3
Jung-ha Kim to second
Batting: RHB Zander Tremblett 0-0: Ball
1-0: Called Strike
1-1: Foul Ball, location: 2F
1-2: SINGLE (Groundball, 34D)
Jung-ha Kim to third
Runner from 3rd tries for Home, SAFE, throw made home
Pitching: LHP Leo Huggins
Batting: LHB Clyde Yarbrough 0-0: Ball
1-0: Foul Ball, location: 2F
1-1: SINGLE (Line Drive, 4M)
Zander Tremblett to second
Pitching: RHP José Gómez
Batting: LHB Dante Owens 0-0: Called Strike
0-1: Foul Ball, location: 2F
0-2: Ball
1-2: Foul Ball, location: 2F
1-2: SINGLE (Groundball, 34D)
Zander Tremblett to third
Clyde Yarbrough to second
Batting: RHB Ángel Hinojosa 0-0: Ball
1-0: Ball
2-0: Swinging Strike
2-1: Called Strike
2-2: Ball
3-2: Strikes out swinging
Batting: LHB Leo Wyeth 0-0: Ball
1-0: Ball
2-0: Foul Ball, location: 2F
2-1: Fly out, F9 (Flyball, 9S)
Top of the 7th over - 1 run(s), 3 hit(s), 1 error(s), 3 left on base; Niagara Falls 4 - New York 5
BOTTOM OF THE 7TH
New York Knights batting - Pitching for Niagara Falls Frenzy : RHP Luis López
Batting: RHB Lonnie Anderson 0-0: SINGLE (Line Drive, 8LS)
Batting: RHB Yasuhiko Sumita 0-0: Ball
1-0: Grounds into double play, 4-6-3 (Groundball, 4)
Batting: LHB Dan Hamilton 0-0: Ball
1-0: Ball
2-0: Ball
3-0: Called Strike
3-1: SINGLE (Groundball, 34) (infield hit)
Batting: LHB Warren Potter 0-0: Called Strike
0-1: Ground out 6-3 (Groundball, 6S)
Bottom of the 7th over - 0 run(s), 2 hit(s), 0 error(s), 1 left on base; Niagara Falls 4 - New York 5
TOP OF THE 8TH
Niagara Falls Frenzy batting - Pitching for New York Knights : RHP José Gómez
Pitching: RHP António Sánchez
Batting: SHB Dave MacThomas 0-0: Ball
1-0: Swinging Strike
1-1: Fly out, F4 (Line Drive, 4MD)
Batting: LHB Bill Hall 0-0: Called Strike
0-1: Fly out, F7 (Flyball, 7LMF)
Batting: RHB Jung-ha Kim 0-0: Ball
1-0: Called Strike
1-1: Called Strike
1-2: Ball
2-2: Foul Ball, location: 2F
2-2: Strikes out looking
Top of the 8th over - 0 run(s), 0 hit(s), 0 error(s), 0 left on base; Niagara Falls 4 - New York 5
BOTTOM OF THE 8TH
New York Knights batting - Pitching for Niagara Falls Frenzy : RHP Luis López
Pitching: RHP Ángel Francisco
Batting: RHB Pepe Carrasco 0-0: Ball
1-0: Fly out, F3 (Popup, 3S)
Batting: LHB Troy Donaldson 0-0: Ball
1-0: Fly out, F2 (Popup, 23)
Batting: LHB Pablo Rivas 0-0: DOUBLE (Line Drive, 7LS)
Batting: SHB Marvin Harris 0-0: Foul Ball, location: 2F
0-1: Swinging Strike
0-2: Strikes out swinging
Bottom of the 8th over - 0 run(s), 1 hit(s), 0 error(s), 1 left on base; Niagara Falls 4 - New York 5
TOP OF THE 9TH
Niagara Falls Frenzy batting - Pitching for New York Knights : RHP António Sánchez
Pitching: RHP Paco Ruíz
Batting: SHB Martín De Jesús 0-0: Ball
1-0: Ball
2-0: Fly out, F7 (Line Drive, 78M)
Batting: RHB Zander Tremblett 0-0: Ball
1-0: Called Strike
1-1: Foul Ball, location: 2F
1-2: SINGLE (Groundball, 56S) (infield hit)
Batting: LHB Clyde Yarbrough 0-0: Fielders Choice at 2nd, 6-4 (Groundball, 6)
Batting: LHB Dante Owens 0-0: Fly out, F6 (Popup, 6S)
Top of the 9th over - 0 run(s), 1 hit(s), 0 error(s), 1 left on base; Niagara Falls 4 - New York 5
Thursday, March 30th, 2017 - OOTP Baseball 17.12 Build 75